[Event "Titled Tuesday Blitz January 03 Late 2023"]
[White "Dias, Joao Batista"]
[Black "Lutz, Igor Oscar"]
[WhiteFideId "2108240"]
[BlackFideId "2110806"]
[WhiteElo "1796"]
[BlackElo "1969"]
[Result "0-1"]
[Round "08"]
[TimeControl "180+2"]
[Date "2023.01.03"]
[WhiteClock "0:01:15"]
[BlackClock "0:00:21"]

1. e4 c5 2. Nf3 e6 3. d4 cxd4 4. Nxd4 Nf6 5. Bd3 d6 6. O-O Nc6 7. c3 Be7 8. Be3 O-O 9. f3 d5 10. Nxc6 bxc6 11. exd5 cxd5 12. Nd2 Qc7 13. Rc1 Bc5 14. Qe2 Rb8 15. Nb3 Bxe3+ 16. Qxe3 a5 17. Rf2 a4 18. Nd4 Bd7 19. g3 Rb6 20. Kg2 Rfb8 21. Rcc2 e5 22. Nf5 e4 23. fxe4 dxe4 24. Bxe4 Re8 25. Rf4 Bxf5 26. Rxf5 Rxe4 27. Qd3 Rbe6 28. Rff2 Ng4 29. Rfd2 Qc6 30. Qd8+ Re8 31. Kh3 Qe6 32. Qd6 Nf2+ 33. Kg2 Qxd6 34. Rxd6 Ng4 35. h3 Ne3+ 36. Kf3 Nxc2 37. b3 axb3 38. axb3 g6 39. h4 Ne1+ 40. Kf2 Re2+ 41. Kf1 Nf3 42. Rd3 Nh2+ 43. Kg1 Ng4 44. b4 Rb2 0-1


[Site "https://www.chess.com"]

[Event "Titled Tuesday Blitz January 03 Late 2023"]
[White "Kho, Darrell"]
[Black "Simonovic, Miroslav"]
[WhiteFideId "1019317"]
[BlackFideId "919152"]
[WhiteElo "2075"]
[BlackElo "2082"]
[Result "0-1"]
[Round "08"]
[TimeControl "180+2"]
[Date "2023.01.03"]
[WhiteClock "0:00:05"]
[BlackClock "0:00:23"]

1. e4 c5 2. Nf3 Nc6 3. Bb5 g6 4. O-O Bg7 5. Re1 e5 6. Bxc6 dxc6 7. d3 Ne7 8. Be3 b6 9. Nbd2 O-O 10. Nc4 Qc7 11. h3 h6 12. a3 Kh7 13. b4 cxb4 14. axb4 Be6 15. Ncd2 f5 16. exf5 gxf5 17. Nf1 Ng6 18. Rb1 Rae8 19. c3 e4 20. Nd4 Bd7 21. dxe4 fxe4 22. Ng3 Nf4 23. Nh5 Nxh5 24. Qxh5 Re5 25. Qh4 Qd8 26. Qxd8 Rxd8 27. Bf4 Re7 28. Rbd1 Rde8 29. Bd6 Rf7 30. Bg3 c5 31. bxc5 bxc5 32. Nb3 Ba4 33. Rb1 c4 34. Nc5 Bc2 35. Rb2 Bd3 36. Ra1 Bxc3 37. Ra6 Bxb2 0-1


[Site "https://www.chess.com"]

[Event "Titled Tuesday Blitz January 03 Late 2023"]
[White "Marcolino, Daniel Mattos"]
[Black "ajedrez-facil"]
[WhiteFideId "2106841"]
[WhiteElo "2006"]
[BlackElo "2103"]
[Result "0-1"]
[Round "08"]
[TimeControl "180+2"]
[Date "2023.01.03"]
[WhiteClock "0:00:14"]
[BlackClock "0:00:30"]

1. d4 Nf6 2. Nf3 g6 3. g3 Bg7 4. Bg2 d5 5. O-O c6 6. c4 O-O 7. b3 Re8 8. Bb2 Bf5 9. e3 e6 10. Nbd2 Ne4 11. Nh4 h5 12. f3 Nxd2 13. Qxd2 dxc4 14. bxc4 e5 15. Nxf5 gxf5 16. Rad1 exd4 17. Bxd4 Bxd4 18. exd4 Nd7 19. Qh6 Qf6 20. Qxh5 Nb6 21. Bh3 Nxc4 22. Bxf5 Ne3 23. Bh7+ Kf8 24. Rfe1 Nxd1 25. Rxd1 Rad8 26. Be4 Re5 27. dxe5 Rxd1+ 28. Kf2 Qg7 29. Qf5 Rd8 30. Ke3 Qh6+ 31. f4 Qxh2 32. e6 Qxg3+ 33. Bf3 Qe1+ 34. Be2 Qc3+ 35. Kf2 Qd4+ 36. Kg3 Qg7+ 37. Kf2 Qg6 38. Qc5+ Kg7 39. e7 Re8 40. f5 Qf6 41. Qd6 Qxd6 0-1


[Site "https://www.chess.com"]

[Event "Titled Tuesday Blitz January 03 Late 2023"]
[White "Vachier-Lagrave, Maxime"]
[Black "Kollars, Dmitrij"]
[WhiteFideId "623539"]
[BlackFideId "12909572"]
[WhiteElo "2742"]
[BlackElo "2607"]
[Result "1/2-1/2"]
[Round "09"]
[TimeControl "180+2"]
[Date "2023.01.03"]
[WhiteClock "0:00:21"]
[BlackClock "0:00:25"]

1. e4 e5 2. Nf3 Nc6 3. Bb5 a6 4. Ba4 Nf6 5. O-O Be7 6. d3 b5 7. Bb3 d6 8. a3 Na5 9. Ba2 c5 10. Nc3 Be6 11. Nh4 O-O 12. Nf5 Bxf5 13. exf5 d5 14. Re1 Nc6 15. Bg5 c4 16. dxc4 dxc4 17. Bxf6 Bxf6 18. Ne4 Qxd1 19. Raxd1 Rfd8 20. c3 Be7 21. Bb1 Rxd1 22. Rxd1 Rd8 23. Re1 Kf8 24. Bc2 Na5 25. Kf1 Nb7 26. Ke2 Nc5 27. Nd2 h6 28. g3 Bg5 29. Nf3 Bf6 30. h4 e4 31. Nh2 Nd3 32. Rb1 Nxf2 33. Kxf2 Rd2+ 34. Ke3 Rxc2 35. Ng4 Bd8 36. Kxe4 Bc7 37. Ne3 Re2 38. Kf3 Rd2 39. Rd1 Rxb2 40. Rd7 Be5 41. Nd5 f6 42. Rd8+ Kf7 43. Rd7+ Kf8 44. Rd8+ Kf7 45. Rd7+ Kf8 1/2-1/2


[Site "https://www.chess.com"]

[Event "Titled Tuesday Blitz January 03 Late 2023"]
[White "Xiong, Jeffery"]
[Black "Jacobson, Brandon"]
[WhiteFideId "2047640"]
[BlackFideId "30901561"]
[WhiteElo "2692"]
[BlackElo "2556"]
[Result "1-0"]
[Round "09"]
[TimeControl "180+2"]
[Date "2023.01.03"]
[WhiteClock "0:01:07"]
[BlackClock "0:00:02"]

1. b3 Nf6 2. Nf3 g6 3. c4 Bg7 4. Bb2 O-O 5. g3 d6 6. Bg2 e5 7. O-O Re8 8. Nc3 c6 9. e4 a5 10. Re1 Na6 11. d4 exd4 12. Nxd4 Nc5 13. h3 Nfd7 14. Rb1 Ne5 15. Re3 Qb6 16. Nc2 Be6 17. f4 Ned3 18. Ba1 Nb4 19. Kh2 Bd7 20. Nd4 Rad8 21. a3 Nbd3 22. Rxd3 Nxd3 23. Na4 Qc7 24. Qxd3 c5 25. Nb5 Bxb5 26. cxb5 Bxa1 27. Rxa1 d5 28. exd5 Re7 29. Nc3 f5 30. Rd1 Qd6 31. b6 Rde8 32. Nb5 Qxb6 33. d6 Re2 34. d7 1-0


[Site "https://www.chess.com"]

[Event "Titled Tuesday Blitz January 03 Late 2023"]
[White "Keymer, Vincent"]
[Black "Lenderman, Aleksandr"]
[WhiteFideId "12940690"]
[BlackFideId "2021285"]
[WhiteElo "2700"]
[BlackElo "2572"]
[Result "0-1"]
[Round "09"]
[TimeControl "180+2"]
[Date "2023.01.03"]
[WhiteClock "0:00:02"]
[BlackClock "0:00:05"]

1. Nf3 e6 2. c4 b6 3. g3 Bb7 4. Bg2 Nf6 5. d4 g6 6. O-O Bg7 7. Nc3 Ne4 8. Qc2 Nxc3 9. bxc3 O-O 10. e4 Nc6 11. Bg5 f6 12. Be3 Na5 13. Nd2 f5 14. d5 e5 15. f4 exf4 16. Rxf4 Bh6 17. Rf3 Bxe3+ 18. Rxe3 f4 19. gxf4 Rxf4 20. e5 Qf8 21. Rae1 Nxc4 22. Nxc4 Rxc4 23. Kh1 Rf4 24. Qd3 Rf2 25. Rg3 Qf5 26. Qc4 Kh8 27. Qxc7 Ba6 28. e6 dxe6 29. d6 Rf8 30. d7 Qf6 31. h3 Bb5 32. c4 Ba4 33. Qd6 Rd8 34. Rxe6 Qa1+ 35. Kh2 Rxd7 36. Re8+ Kg7 37. Qe6 Qf6 38. Rg8+ Kh6 39. Qe3+ Qf4 40. Qe6 Rxg2+ 41. Kxg2 Rd2+ 42. Kh1 Qf1+ 43. Rg1 Qf3+ 44. Rg2 Qxg2# 0-1


[Site "https://www.chess.com"]

[Event "Titled Tuesday Blitz January 03 Late 2023"]
[White "Dardha, Daniel"]
[Black "Carlsen, Magnus"]
[WhiteFideId "240990"]
[BlackFideId "1503014"]
[WhiteElo "2631"]
[BlackElo "2853"]
[Result "1-0"]
[Round "09"]
[TimeControl "180+2"]
[Date "2023.01.03"]
[WhiteClock "0:00:03"]
[BlackClock "0:00:06"]

1. d4 Nf6 2. Bg5 g6 3. Bxf6 exf6 4. e3 f5 5. c4 d5 6. Nc3 dxc4 7. Bxc4 Bd6 8. Nf3 Nd7 9. O-O O-O 10. a3 a6 11. b4 Nf6 12. Qc2 Qe7 13. Nd5 Nxd5 14. Bxd5 a5 15. Qb3 c6 16. Bc4 axb4 17. axb4 Rxa1 18. Rxa1 Bxb4 19. Ra8 Bd6 20. h3 Kg7 21. Qb2 b5 22. Bd3 Qf6 23. Ne5 Bxe5 24. dxe5 Qe7 25. Qc3 Be6 26. Rxf8 Qxf8 27. Qxc6 b4 28. Bc4 Qe7 29. Bxe6 Qxe6 30. Qb5 Qe7 31. f4 h5 32. Kh2 h4 33. Qb6 Kh7 34. Qb5 Kg7 35. Qb6 g5 36. fxg5 Qxe5+ 37. Kh1 Qa1+ 38. Kh2 Qe5+ 39. Kh1 Qc3 40. Qh6+ Kg8 41. Qxh4 b3 42. g6 b2 43. Qh7+ 1-0


[Site "https://www.chess.com"]

[Event "Titled Tuesday Blitz January 03 Late 2023"]
[White "Naroditsky, Daniel"]
[Black "Kuznetsov, Felix"]
[WhiteFideId "2026961"]
[BlackFideId "34147990"]
[WhiteElo "2618"]
[BlackElo "2254"]
[Result "1/2-1/2"]
[Round "09"]
[TimeControl "180+2"]
[Date "2023.01.03"]
[WhiteClock "0:00:45"]
[BlackClock "0:00:37"]

1. e4 c5 2. Nf3 Nc6 3. Bb5 d6 4. O-O Bd7 5. Re1 Nf6 6. c3 a6 7. Bf1 Bg4 8. h3 Bxf3 9. Qxf3 g6 10. d3 Bg7 11. Be3 O-O 12. Nd2 b5 13. Qd1 b4 14. Nf3 Nd7 15. Qa4 Qc7 16. d4 bxc3 17. bxc3 Rfb8 18. Rab1 e6 19. Rec1 Rb6 20. Rxb6 Qxb6 21. Bd3 h6 22. Rb1 Qc7 23. Qc2 a5 24. Bb5 Rb8 25. Qd2 Rb6 26. Bxh6 cxd4 27. Bxg7 Kxg7 28. cxd4 Nf6 29. Bd3 Rxb1+ 30. Bxb1 Qb6 31. Qd3 d5 32. e5 Ne4 33. Qb3 Qxb3 34. axb3 Nc3 35. Bd3 Nb4 36. Bf1 Nc2 37. Bd3 Nb4 38. Bf1 Nc2 39. Bd3 Nb4 1/2-1/2


[Site "https://www.chess.com"]

[Event "Titled Tuesday Blitz January 03 Late 2023"]
[White "Zierk, Steven"]
[Black "Bluebaum, Matthias"]
[WhiteFideId "2034255"]
[BlackFideId "24651516"]
[WhiteElo "2488"]
[BlackElo "2669"]
[Result "0-1"]
[Round "09"]
[TimeControl "180+2"]
[Date "2023.01.03"]
[WhiteClock "0:00:03"]
[BlackClock "0:00:06"]

1. e4 e6 2. d4 d5 3. Nc3 Nf6 4. Bg5 dxe4 5. Nxe4 Be7 6. Bxf6 gxf6 7. g3 Nc6 8. Nf3 e5 9. dxe5 fxe5 10. Qxd8+ Bxd8 11. Bb5 f6 12. O-O-O Be7 13. Nc3 a6 14. Bxc6+ bxc6 15. Nh4 Kf7 16. Rhe1 Rb8 17. Re4 Bd6 18. Rc4 Rb6 19. Ne4 Be6 20. Ra4 Be7 21. Rd3 f5 22. Rf3 Bxh4 23. gxh4 Ke7 24. Ng5 Rg8 25. Re3 h6 26. Nf3 e4 27. Nd4 Rg1+ 28. Kd2 c5 29. Nxe6 Kxe6 30. Rg3 Rh1 31. Rxa6 Rxh2 32. Rg6+ Ke5 33. Raxb6 cxb6 34. Ke1 b5 35. Rxh6 f4 36. Rh5+ Kd4 37. c3+ Kc4 38. b3+ Kxc3 39. Rxc5+ Kd4 40. Rxb5 Rh1+ 41. Kd2 Rh2 42. Rb4+ Ke5 43. Rb5+ Kd4 44. Rb4+ Ke5 45. Ke1 Rh1+ 46. Ke2 f3+ 47. Kd2 Rf1 48. Rb8 Rxf2+ 49. Kc3 Rxa2 50. Rf8 f2 51. h5 e3 52. h6 e2 0-1


[Site "https://www.chess.com"]

[Event "Titled Tuesday Blitz January 03 Late 2023"]
[White "Tang, Andrew"]
[Black "Chigaev, Maksim"]
[WhiteFideId "2059630"]
[BlackFideId "4108116"]
[WhiteElo "2523"]
[BlackElo "2628"]
[Result "1-0"]
[Round "09"]
[TimeControl "180+2"]
[Date "2023.01.03"]
[WhiteClock "0:00:03"]
[BlackClock "0:00:01"]

1. d4 Nf6 2. Nf3 g6 3. Nbd2 Bg7 4. e4 O-O 5. Bd3 c5 6. d5 e6 7. c4 d6 8. O-O exd5 9. cxd5 Bg4 10. h3 Bxf3 11. Nxf3 Nbd7 12. Bf4 Ne8 13. Qd2 Qe7 14. Rfe1 Ne5 15. Nxe5 Bxe5 16. Bh6 Ng7 17. f4 Bd4+ 18. Kh2 f6 19. Rad1 Qf7 20. b4 b6 21. Bb5 g5 22. bxc5 bxc5 23. Qe2 Rab8 24. a4 gxf4 25. Bxf4 Be5 26. Bxe5 fxe5 27. Rf1 Qh5 28. Qe3 Qg6 29. Bd7 Nh5 30. Bf5 Qg7 31. Rf2 Kh8 32. Rdf1 a5 33. Qf3 Qg5 34. g3 Nf6 35. h4 Qg7 36. Kh3 c4 37. Qe2 Rb3 38. Rf3 Rg8 39. Qxc4 Rb4 40. Qe2 Nh5 41. Qe3 Rxa4 42. Be6 Rb8 43. Rf7 1-0


[Site "https://www.chess.com"]

[Event "Titled Tuesday Blitz January 03 Late 2023"]
[White "Oparin, Grigoriy"]
[Black "Mosadeghpour, Masoud"]
[WhiteFideId "24125890"]
[BlackFideId "12519278"]
[WhiteElo "2667"]
[BlackElo "2472"]
[Result "0-1"]
[Round "09"]
[TimeControl "180+2"]
[Date "2023.01.03"]
[WhiteClock "0:00:23"]
[BlackClock "0:01:36"]

1. b3 Nf6 2. Bb2 g6 3. g3 Bg7 4. c4 O-O 5. Bg2 d5 6. cxd5 Nxd5 7. Bxg7 Kxg7 8. Qc1 Nc6 9. Nc3 Be6 10. Nf3 h6 11. O-O Qd7 12. Qb2 Nf6 13. Ne4 Bh3 14. Nc5 Qf5 15. Nxb7 Bxg2 16. Kxg2 Qb5 17. Rac1 Qxb7 18. Qc3 Nb4 19. Qxc7 Qxc7 20. Rxc7 Nfd5 21. Rc5 Rfc8 22. Rfc1 Nb6 23. a3 Na6 24. R5c3 Rxc3 25. dxc3 Rc8 26. c4 Kf6 27. Nd4 Nc5 28. b4 Ne6 29. Nxe6 Kxe6 30. c5 Nd5 31. Rd1 f5 32. h4 a5 33. Rd4 axb4 34. axb4 Rb8 35. e4 fxe4 36. Rxe4+ Kf5 37. Re2 Rxb4 38. Rc2 Rb7 39. c6 Rc7 40. Rc4 e6 41. h5 g5 42. Kh3 Ne7 43. f4 Rxc6 44. Ra4 Rc3 45. Ra5+ Kf6 46. fxg5+ hxg5 47. h6 Kg6 48. h7 Kxh7 49. Rxg5 Nf5 50. Kg2 Kh6 51. Rg8 Rxg3+ 52. Rxg3 Nxg3 53. Kxg3 Kg5 54. Kf3 Kf5 55. Ke3 Ke5 0-1


[Site "https://www.chess.com"]

[Event "Titled Tuesday Blitz January 03 Late 2023"]
[White "Deac, Bogdan-Daniel"]
[Black "Holt, Conrad"]
[WhiteFideId "1226380"]
[BlackFideId "2034387"]
[WhiteElo "2700"]
[BlackElo "2540"]
[Result "1-0"]
[Round "09"]
[TimeControl "180+2"]
[Date "2023.01.03"]
[WhiteClock "0:00:10"]
[BlackClock "0:00:07"]

1. d4 d5 2. Bf4 c5 3. e3 Nc6 4. c3 Nf6 5. Nd2 Bf5 6. Qb3 Qc8 7. dxc5 e5 8. Bg5 Be6 9. Bxf6 gxf6 10. Qa3 b6 11. Nb3 a5 12. Qa4 bxc5 13. Bb5 Bd7 14. c4 Nb4 15. Rd1 d4 16. a3 Bxb5 17. cxb5 c4 18. Nc1 d3 19. Nf3 Rg8 20. O-O Rxg2+ 21. Kh1 e4 22. b6+ Kd8 23. b7 Qxb7 24. Kxg2 exf3+ 25. Kh1 Bd6 26. Nxd3 Ke7 27. Ne1 Qe4 28. Rxd6 Kxd6 29. axb4 axb4 30. Qxb4+ Ke6 31. Qb6+ Kf5 32. Qc5+ Ke6 33. Rg1 Ra1 34. Qb6+ Kf5 35. Qb5+ Ke6 36. Qb4 Rd1 37. b3 Rc1 38. bxc4 Rxc4 39. Qb6+ Kf5 40. Qb5+ Ke6 41. Qe8+ Kf5 42. Qxe4+ Kxe4 43. Rg4+ Kd5 44. Rxc4 Kxc4 45. Nxf3 Kd3 46. Kg2 Ke4 47. Kg3 Kf5 48. Nd4+ Ke4 49. h4 h5 50. Ne2 Kd3 51. Nf4+ Ke4 52. Nxh5 Kf5 53. Nf4 Ke4 54. h5 Kf5 55. h6 Kg5 56. h7 f5 57. h8=Q f6 58. Qh4# 1-0


[Site "https://www.chess.com"]

[Event "Titled Tuesday Blitz January 03 Late 2023"]
[White "Martinez Alcantara, Jose Eduardo"]
[Black "Pichot, Alan"]
[WhiteFideId "3805662"]
[BlackFideId "110973"]
[WhiteElo "2619"]
[BlackElo "2638"]
[Result "1-0"]
[Round "09"]
[TimeControl "180+2"]
[Date "2023.01.03"]
[WhiteClock "0:00:07"]
[BlackClock "0:00:02"]

1. e4 c6 2. d4 d5 3. e5 c5 4. dxc5 Nc6 5. Nf3 Bg4 6. c3 e6 7. Be3 Nge7 8. Nbd2 Nf5 9. Bd4 Be7 10. h3 Bh5 11. Bb5 Nh4 12. O-O O-O 13. Be2 Nf5 14. Nb3 Bxf3 15. Bxf3 Qc7 16. Re1 a5 17. a4 Nb8 18. Bg4 Nxd4 19. cxd4 b6 20. cxb6 Qxb6 21. Re3 Nc6 22. Be2 Rab8 23. Bb5 Na7 24. g3 Rfc8 25. Bf1 Nc6 26. h4 Rc7 27. Rc3 Bb4 28. Rc2 Bf8 29. Bb5 Na7 30. Rxc7 Qxc7 31. Rc1 Qb6 32. Nc5 Nxb5 33. Nd7 Qa7 34. Nxb8 Nxd4 35. Nc6 Nxc6 36. Rxc6 Qb8 37. Qd4 h6 38. Kg2 Qb3 39. Rc8 Qb7 40. Qc5 d4+ 41. Kh2 Qf3 42. Rxf8+ Kh7 43. Qxd4 1-0


[Site "https://www.chess.com"]

[Event "Titled Tuesday Blitz January 03 Late 2023"]
[White "Jobava, Baadur"]
[Black "Kobalia, Mikhail"]
[WhiteFideId "13601520"]
[BlackFideId "4119150"]
[WhiteElo "2578"]
[BlackElo "2578"]
[Result "1-0"]
[Round "09"]
[TimeControl "180+2"]
[Date "2023.01.03"]
[WhiteClock "0:00:57"]
[BlackClock "0:00:20"]

1. d4 d5 2. c4 c6 3. Nf3 Nf6 4. Nc3 e6 5. cxd5 exd5 6. Bf4 Bd6 7. g3 O-O 8. e3 Bg4 9. h3 Bxf3 10. Qxf3 Bb4 11. Bd3 Nbd7 12. O-O Re8 13. Kg2 Qe7 14. h4 Nb6 15. Ne2 Ne4 16. Rfd1 Nc4 17. a3 Ba5 18. b4 Bb6 19. Ra2 a5 20. bxa5 Bxa5 21. Bg5 Nxg5 22. hxg5 Qxg5 23. Bxh7+ Kf8 24. Nf4 Ke7 25. Bd3 Nd6 26. Raa1 Rh8 27. Rh1 Bc3 28. Rac1 Rxh1 29. Rxh1 Rxa3 30. Rh5 Qf6 31. Rxd5 Bb4 32. Qg4 Rxd3 33. Re5+ Kd8 34. Nxd3 Ba3 35. Ra5 Nc4 36. Ne5 Nxe5 37. dxe5 Qe7 38. Qxg7 Kc7 39. Qf6 Qb4 40. Qxf7+ Kb6 41. Rxa3 Qxa3 42. e6 Qb4 43. e7 Qe4+ 44. Kh2 1-0


[Site "https://www.chess.com"]

[Event "Titled Tuesday Blitz January 03 Late 2023"]
[White "Bryakin, Mikhail"]
[Black "Tari, Aryan"]
[WhiteFideId "4165314"]
[BlackFideId "1510045"]
[WhiteElo "2455"]
[BlackElo "2642"]
[Result "1-0"]
[Round "09"]
[TimeControl "180+2"]
[Date "2023.01.03"]
[WhiteClock "0:00:18"]
[BlackClock "0:00:04"]

1. Nf3 Nf6 2. d4 g6 3. b3 Bg7 4. Bb2 O-O 5. e3 c5 6. dxc5 Qa5+ 7. Nbd2 Qxc5 8. c4 d6 9. Be2 Qc7 10. O-O b6 11. Nd4 Bb7 12. Bf3 Nbd7 13. Bxb7 Qxb7 14. Qf3 Qxf3 15. N2xf3 Rfc8 16. Rfd1 a6 17. Rac1 Nc5 18. Rc2 Nfd7 19. Ne1 Rc7 20. Nd3 Nxd3 21. Rxd3 Rac8 22. Rdd2 d5 23. Nf3 Bxb2 24. Rxb2 dxc4 25. bxc4 Rxc4 26. Kf1 R8c7 27. Ke2 b5 28. Nd4 Nb6 29. Nf3 Na4 30. Rb3 Rc1 31. Ne5 f6 32. Nd3 Ra1 33. Nb4 a5 34. Nd5 Rb7 35. Nc3 Nxc3+ 36. Rxc3 Kf7 37. Rb2 b4 38. Rc4 Rb5 39. h4 h5 40. g3 Rd5 41. Rc7 Rad1 42. Ra7 Rb5 43. Kxd1 Rc5 44. Rc2 Rd5+ 45. Ke2 g5 46. hxg5 fxg5 47. Rcc7 Re5 48. Rc8 g4 49. Rca8 Rc5 50. Kd2 Rf5 51. Ke1 Rc5 52. Rxa5 Rc1+ 53. Kd2 Kg6 54. Kxc1 1-0


[Site "https://www.chess.com"]

[Event "Titled Tuesday Blitz January 03 Late 2023"]
[White "Yanchenko, Roman"]
[Black "Shimanov, Aleksandr"]
[WhiteFideId "4137329"]
[BlackFideId "4198603"]
[WhiteElo "2466"]
[BlackElo "2581"]
[Result "0-1"]
[Round "09"]
[TimeControl "180+2"]
[Date "2023.01.03"]
[WhiteClock "0:00:04"]
[BlackClock "0:00:47"]

1. d4 e6 2. c4 c5 3. e3 Nf6 4. Nf3 cxd4 5. exd4 d5 6. Nc3 Bb4 7. h3 O-O 8. Be2 dxc4 9. Bxc4 b6 10. O-O Bb7 11. Be2 Nbd7 12. Bg5 Rc8 13. Rc1 Be7 14. Qd3 a6 15. Rfd1 b5 16. Ne5 Nb6 17. Qg3 b4 18. Nb1 Ne4 19. Bxe7 Nxg3 20. Bxd8 Nxe2+ 21. Kf1 Rxc1 22. Rxc1 Nxc1 23. Bxb6 Nxa2 24. Nd2 Rc8 25. Bc5 Bd5 26. Nec4 Nc1 27. Nb6 Rb8 28. Nd7 Rb7 29. Ne5 a5 30. Ke1 a4 31. Kd1 Nb3 32. Nd3 Nxd2 33. Kxd2 a3 34. bxa3 bxa3 35. Bxa3 Bxg2 36. h4 Rb1 37. Bd6 f6 38. Bg3 Kf7 39. Nc5 Bd5 40. Nd3 h6 41. Bf4 g5 42. hxg5 fxg5 43. Be3 Kf6 44. Ne5 h5 45. Nd7+ Kf5 46. Ne5 h4 47. Nf7 h3 48. Nh6+ Kg6 49. Ng4 Kh5 50. Nf6+ Kh4 51. f3 h2 52. Bf2+ Kh3 53. Nh7 h1=Q 0-1


[Site "https://www.chess.com"]

[Event "Titled Tuesday Blitz January 03 Late 2023"]
[White "Yuan, Qingyu"]
[Black "Svane, Rasmus"]
[WhiteFideId "8609772"]
[BlackFideId "4657101"]
[WhiteElo "2373"]
[BlackElo "2623"]
[Result "0-1"]
[Round "09"]
[TimeControl "180+2"]
[Date "2023.01.03"]
[WhiteClock "0:00:02"]
[BlackClock "0:00:19"]

1. e4 e5 2. Nf3 Nc6 3. Bb5 a6 4. Ba4 Nf6 5. d3 b5 6. Bb3 Bc5 7. O-O d6 8. a4 b4 9. h3 h6 10. a5 O-O 11. Nbd2 Rb8 12. Nc4 Be6 13. Be3 Nd7 14. Ncd2 Qe7 15. Bc4 Bxc4 16. Nxc4 Qe6 17. Bxc5 Nxc5 18. Ne3 Rb5 19. Nd5 Rc8 20. Qd2 f5 21. Rfe1 fxe4 22. dxe4 Nxe4 23. Rxe4 Qxd5 24. Qxd5+ Rxd5 25. Rc4 Rc5 26. Rxc5 dxc5 27. Nd2 Kf7 28. Nc4 Kf6 29. Rd1 Rd8 30. Rxd8 Nxd8 31. Kf1 Nb7 32. Ke2 Nd6 33. b3 Nxc4 34. bxc4 e4 35. f3 Ke5 36. Ke3 exf3 37. gxf3 g5 38. Ke2 Kd4 39. h4 Kxc4 40. hxg5 hxg5 41. Ke3 Kc3 42. Ke4 Kxc2 43. f4 gxf4 0-1


[Site "https://www.chess.com"]

[Event "Titled Tuesday Blitz January 03 Late 2023"]
[White "Ibarra Jerez, Jose Carlos"]
[Black "Avila Pavas, Santiago"]
[WhiteFideId "2226332"]
[BlackFideId "4437128"]
[WhiteElo "2563"]
[BlackElo "2522"]
[Result "1-0"]
[Round "09"]
[TimeControl "180+2"]
[Date "2023.01.03"]
[WhiteClock "0:01:04"]
[BlackClock "0:01:40"]

1. e4 Nf6 2. e5 Nd5 3. c4 Nb6 4. d4 d6 5. exd6 cxd6 6. Nc3 g6 7. a4 a5 8. c5 dxc5 9. Bb5+ N6d7 10. Bf4 Bg7 11. Nd5 O-O 12. Bc7 Qe8 13. Nb6 Ra7 14. Bxb8 Ra6 15. dxc5 Qd8 16. Bxa6 bxa6 17. Bf4 Bxb2 18. Rb1 Bc3+ 19. Bd2 Bd4 20. Bh6 Bxc5 21. Nxd7 Bxd7 22. Bxf8 Kxf8 23. Nf3 Bb4+ 24. Rxb4 axb4 25. Ne5 Ke8 26. Qxd7+ Qxd7 27. Nxd7 Kxd7 28. Kd2 Kc6 29. Kd3 Kb6 30. Kc4 Ka5 31. Kb3 1-0


[Site "https://www.chess.com"]

[Event "Titled Tuesday Blitz January 03 Late 2023"]
[White "Domingo Nunez, Alejandro"]
[Black "Baskakov, Egor"]
[WhiteFideId "22245561"]
[BlackFideId "24197866"]
[WhiteElo "2338"]
[BlackElo "2215"]
[Result "0-1"]
[Round "09"]
[TimeControl "180+2"]
[Date "2023.01.03"]
[WhiteClock "0:02:04"]
[BlackClock "0:02:33"]

1. Nf3 Nf6 2. g3 e6 3. Bg2 Be7 4. O-O O-O 5. c4 d5 6. cxd5 exd5 7. d4 Ne4 8. Nc3 f5 9. Ne5 c6 10. f3 Nxc3 11. bxc3 Be6 12. Qc2 Nd7 13. Bf4 Nxe5 14. Bxe5 Bd6 15. f4 Bxe5 16. fxe5 g6 17. a4 b6 18. e3 Qd7 19. a5 b5 20. Qb2 a6 21. Qb4 Rad8 22. Qc5 Rf7 23. Rf2 h5 24. Bf1 Rc8 25. Bd3 Qa7 26. Qd6 Qe7 27. Qb4 c5 28. Qb3 c4 0-1


[Site "https://www.chess.com"]

[Event "Titled Tuesday Blitz January 03 Late 2023"]
[White "Nakamura, Hikaru"]
[Black "Riehle, Marco"]
[WhiteFideId "2016192"]
[BlackFideId "12904392"]
[WhiteElo "2775"]
[BlackElo "2368"]
[Result "1/2-1/2"]
[Round "09"]
[TimeControl "180+2"]
[Date "2023.01.03"]
[WhiteClock "0:00:04"]
[BlackClock "0:00:03"]

1. Nf3 d5 2. g3 c5 3. Bg2 Nc6 4. c4 Nf6 5. O-O e5 6. cxd5 Nxd5 7. Nc3 Be6 8. Qa4 f6 9. Nxd5 Bxd5 10. d3 Qd7 11. Be3 Rc8 12. Rfc1 b6 13. Nd2 Be6 14. a3 Be7 15. Kf1 Nd4 16. Qa6 O-O 17. a4 Rc7 18. a5 b5 19. b4 Rfc8 20. bxc5 Rxc5 21. Rxc5 Rxc5 22. Bxd4 exd4 23. f4 Kf7 24. Rb1 Qc7 25. Qb7 Rc1+ 26. Kf2 Qc3 27. Rxc1 Qxc1 28. f5 Bxf5 29. Bd5+ Kg6 30. Qxe7 Qxd2 31. Bf3 Kh6 32. g4 Bg6 33. h4 b4 34. Qxa7 Qe3+ 35. Kg2 b3 36. Qb6 Bxd3 37. exd3 Qd2+ 38. Kg3 Qe1+ 39. Kg2 Qd2+ 40. Kh3 Qxd3 41. g5+ Kg6 42. Qc6 b2 43. Qe8+ Kf5 44. Kg3 b1=Q 45. Qd7+ Ke5 46. Qc7+ Kf5 47. Qd7+ Ke5 48. Qc7+ Kf5 49. Qd7+ 1/2-1/2


[Site "https://www.chess.com"]

[Event "Titled Tuesday Blitz January 03 Late 2023"]
[White "Salimova, Nurgyul"]
[Black "Paravyan, David"]
[WhiteFideId "2915138"]
[BlackFideId "4194985"]
[WhiteElo "2391"]
[BlackElo "2601"]
[Result "1/2-1/2"]
[Round "09"]
[TimeControl "180+2"]
[Date "2023.01.03"]
[WhiteClock "0:00:04"]
[BlackClock "0:00:05"]

1. e4 e5 2. Nf3 Nf6 3. Nxe5 d6 4. Nf3 Nxe4 5. d4 d5 6. Bd3 Bd6 7. O-O O-O 8. Re1 Bf5 9. c4 c6 10. Qb3 Qd7 11. Nc3 Nxc3 12. Bxf5 Qxf5 13. bxc3 b6 14. cxd5 cxd5 15. Qb5 Qd7 16. Rb1 Rd8 17. g3 Qxb5 18. Rxb5 Bc7 19. Rxd5 Nc6 20. Rxd8+ Rxd8 21. Kg2 h6 22. h4 Bd6 23. Nd2 Na5 24. Ne4 Bf8 25. g4 Rc8 26. h5 f6 27. Bf4 Nc4 28. Ng3 Bd6 29. Nf5 Bf8 30. d5 Kf7 31. Kf3 Rd8 32. Rd1 Bc5 33. Bg3 b5 34. Ke4 Re8+ 35. Kf3 Rd8 36. d6 a6 37. Ke4 Ba3 38. Kd5 Rc8 39. Re1 Nb6+ 40. Kd4 Bc5+ 41. Kd3 Nd5 42. Ne7 Nxe7 43. Rxe7+ Kf8 44. Ke4 Ba3 45. Kf5 Rxc3 46. Ra7 Rc2 47. Kg6 Ke8 48. d7+ Kd8 49. Kxg7 Rc4 50. Kxf6 Rxg4 51. Kf5 Rd4 52. Ke6 Re4+ 53. Kd5 Rc4 54. Rxa6 Kxd7 55. Rxh6 Bf8 56. Rh7+ Ke8 57. Rb7 Rc5+ 58. Ke6 Rc6+ 59. Kf5 Rc5+ 60. Kg4 Rc4+ 61. f4 b4 62. Kf5 Rc5+ 63. Kg6 Rc6+ 64. Kf5 Rc5+ 65. Kg4 Rc2 66. Rb5 Rxa2 67. Bh4 Kf7 68. Bg5 Rc2 69. Kf5 Rc5+ 70. Rxc5 Bxc5 71. h6 Bf8 72. Ke4 Kg6 73. Kd3 Bxh6 74. Bxh6 Kxh6 75. Kc4 Kg6 76. Kxb4 Kf5 77. Kc4 Kxf4 1/2-1/2


[Site "https://www.chess.com"]

[Event "Titled Tuesday Blitz January 03 Late 2023"]
[White "Fernandez Guillen, Ernesto J."]
[Black "Lazavik, Denis"]
[WhiteFideId "3512428"]
[BlackFideId "13515110"]
[WhiteElo "2477"]
[BlackElo "2544"]
[Result "1/2-1/2"]
[Round "09"]
[TimeControl "180+2"]
[Date "2023.01.03"]
[WhiteClock "0:00:04"]
[BlackClock "0:00:06"]

1. e4 c5 2. Nf3 e6 3. d4 cxd4 4. Nxd4 Nc6 5. Nc3 Qc7 6. Be3 a6 7. Qd2 Nf6 8. f3 b5 9. O-O-O Be7 10. Kb1 Nxd4 11. Bxd4 Bb7 12. g4 O-O 13. g5 Nh5 14. Bd3 b4 15. Ne2 a5 16. Be3 f5 17. exf5 exf5 18. Rdf1 f4 19. Bd4 a4 20. Rhg1 Bc5 21. Rg4 a3 22. Bxh7+ Kxh7 23. Rh4 Kg8 24. Rxh5 Ba6 25. g6 Bxd4 26. Qxd4 Qc6 27. Qe5 Qxg6 28. Rg1 Qf6 29. Qd5+ Qe6 30. Qd4 Qf6 31. Qd5+ Qf7 32. Qe4 Qf6 33. Qh7+ Kf7 34. Rf5 Bxe2 35. Rxf6+ Kxf6 36. Qxg7+ Ke6 37. Re1 Kd5 38. Rxe2 Rg8 39. Qe5+ Kc6 40. Qe4+ d5 41. Qe6+ Kc5 42. c3 bxc3 43. Qe7+ Kc4 44. Kc2 axb2 45. Qc7+ Kb5 46. Qb7+ Kc5 47. Qb3 Rgc8 48. Re6 Rab8 49. Qa3+ Kc4 50. Qa4+ Kc5 51. Qa5+ Kc4 52. Qa6+ Kc5 53. Qa3+ Kc4 54. Qa6+ Kc5 55. Qd6+ Kc4 56. Qa6+ 1/2-1/2


[Site "https://www.chess.com"]